 Dungeon Crawl Stone Soup version 0.31-a0-246-g8cbcc1cb85 (webtiles) character file.

Game seed: 1513694954612526868

116 qw the Shooter (level 5, -2/30 HPs)
             Began as a Gargoyle Hexslinger on July 12, 2023.
             Slain by a river rat (4 damage)
             ... on level 3 of the Dungeon.
             The game lasted 00:00:44 (1728 turns).

qw the Shooter (Gargoyle Hexslinger)                Turns: 1728, Time: 00:00:45

Health: -2/30      AC: 11    Str:  9 (11) XL:     5   Next: 0%
Magic:  6/6        EV: 10    Int: 13 (14) God:
Gold:   181        SH:  0    Dex: 12 (14) Spells: 5/6 levels left

rFire   . . .        Y - +2 sling
rCold   . . .        (no shield)
rNeg    + . .        j - +0 ring mail
rPois   inf          d - +0 helmet
rElec   +            (no cloak)
rCorr   .            (no gloves)
SInv    .            h - +0 pair of boots
Will    .....        (no amulet)
Stlth   +            (no ring)
HPRegen 0.25/turn    (no ring)
MPRegen 0.10/turn

%: no passive effects
@: very slow
A: sickness immunity, AC +4, negative energy resistance 1, electricity
resistance, torment resistance 1, petrification resistance
a: no special abilities


You were on level 3 of the Dungeon.
You visited 1 branch of the dungeon, and saw 3 of its levels.

You collected 181 gold pieces.


Innate Abilities, Weirdness & Mutations

You are immune to sickness and miasma.
Your stone body is resilient. (AC +4)
You are immune to poison.
You resist negative energy. (rN+)
You are resistant to electric shocks. (rElec)
You are resistant to unholy torment.
You are immune to petrification.


   Skills:
 - Level 2.0 Fighting
 + Level 4.5 Ranged Weapons
 - Level 1.0 Armour
 - Level 1.5 Dodging
 - Level 1.0 Spellcasting
 - Level 2.6 Hexes


You had 5 spell levels left.
You knew the following spells:

 Your Spells              Type           Power      Damage    Failure   Level
a - Slow                  Hex            28%        N/A       26%         1

Your spell library contained the following spells:

 Spells                   Type           Power      Damage    Failure   Level
 Inner Flame              Hex/Fire       4%         N/A       80%         3
 Portal Projectile        Hex/Tloc       8%         N/A       80%         3
 Cause Fear               Hex            3%         N/A       95%         4

Inventory:

Hand Weapons
 Y - a +2 sling (weapon)
Armour
 d - a +0 helmet (worn)
 h - a +0 pair of boots (worn)
 j - a +0 ring mail (worn)
Scrolls
 b - a scroll of fog {unknown}
 f - a scroll of identify
Potions
 a - a potion of heal wounds {unknown}
 e - a potion of lignification {unknown}
 g - a potion of brilliance {unknown}

Dungeon Overview and Level Annotations

Branches:
Dungeon (3/15)

Altars:


Message History

The river rat bites you.
You shoot a sling bullet.
The sling bullet hits the river rat but does no damage.
The river rat is lightly wounded.
The river rat misses you. The river rat closely misses you.
The river rat barely misses you.
You shoot a sling bullet.
The sling bullet barely misses the river rat.
The river rat bites you. The river rat closely misses you.
The river rat misses you. The river rat bites you. x2
The river rat barely misses you.
You shoot a sling bullet.
The sling bullet barely misses the river rat.
The river rat bites you but does no damage. x2
The river rat bites you.
You shoot a sling bullet.
The sling bullet hits the river rat but does no damage.
The river rat is lightly wounded.
The river rat closely misses you. x2; The river rat bites you.
You shoot a sling bullet. The sling bullet hits the river rat.
The river rat is moderately wounded.
The river rat barely misses you. The river rat closely misses you.
The river rat completely misses you.
You shoot a sling bullet.
The sling bullet hits the river rat but does no damage.
The river rat is moderately wounded.
The river rat bites you but does no damage. x2
The river rat closely misses you.
The river rat bites you but does no damage. x2
The river rat closely misses you.
You shoot a sling bullet.
The sling bullet barely misses the river rat.
You hear the rapid rusting of a drain very nearby.
The river rat bites you but does no damage. x2
The river rat bites you.
You shoot a sling bullet.
The sling bullet barely misses the river rat.
The river rat bites you but does no damage.
The river rat bites you.
You die...

.# 7.7##....######.####
.# ##...#.#.%%#####....#
.777.77.#.#............#
777P....#.#.....~......#
77...P7...#...~~~~~.~..#
7..7777...######~#~#~~.#
7.P7 ###.# #~~~~~~~~~.#
P..7 #.# #~##########
7.77 #.# #~~r@r~# #..#
#.# ####r#~# ##.# #.#
~w# # #.# #.# ##~#
#.######.# ~~#
#........# ~##
########## ~ #~ #


You could see a worm and 3 river rats.

Vanquished Creatures
  6 adders
  A river rat (D:3)
  2 worms (D:3)
  3 ball pythons
  5 endoplasms
  3 giant cockroaches (D:1)
  7 goblins
  3 hobgoblins (D:1)
  3 kobolds
  2 quokkas (D:1)
  4 bats
  5 frilled lizards
  3 rats
47 creatures vanquished.

Notes
Turn   | Place    | Note
-------+----------+-------------------------------------------
     0 | D:1      | qw the Gargoyle Hexslinger began the quest for the Orb.
     0 | D:1      | Reached XP level 1. HP: 12/12 MP: 2/2
     0 | D:1      | 0 ||| qw: Version: 0.3-a-52-g30416fa
     0 | D:1      | 0 ||| qw: Game counter: 6426
     0 | D:1      | 0 ||| qw: Melee chars always use a shield: true
     0 | D:1      | 0 ||| qw: God list: Okawaru
     0 | D:1      | 0 ||| qw: Allow faded altars: false
     0 | D:1      | 0 ||| qw: Do Orc after clearing Dungeon:15 true
     0 | D:1      | 0 ||| qw: Do second Lair branch before Depths: true
     0 | D:1      | 0 ||| qw: Lair rune preference: random
     0 | D:1      | 0 ||| qw: Goals: Normal
     0 | D:1      | 0 ||| PLANNING D:1-11
   146 | D:1      | Reached XP level 2. HP: 16/16 MP: 3/3
   359 | D:1      | Reached skill level 3 in Ranged Weapons
   486 | D:1      | Reached XP level 3. HP: 21/21 MP: 4/4
   711 | D:1      | 711 ||| READING scroll labelled DIANGA TAEDYRIUL.
   712 | D:1      | 712 ||| READING scroll labelled PUODATUIJE.
   713 | D:1      | 713 ||| DROPPING scroll of poison.
   944 | D:2      | Found a faded altar of an unknown god.
  1155 | D:2      | 1155 ||| UPGRADING to +0 helmet.
  1160 | D:2      | 1160 ||| UPGRADING to +0 pair of boots.
  1165 | D:2      | 1165 ||| UPGRADING to +0 ring mail.
  1175 | D:2      | 1175 ||| DROPPING +0 robe.
  1176 | D:2      | 1176 ||| READING scroll labelled VEYWIK SEITYPU.
  1177 | D:2      | 1177 ||| READING scroll labelled NEDIETZU FIAC.
  1178 | D:2      | 1178 ||| DRINKING 2 grey potions.
  1179 | D:2      | 1179 ||| DROPPING potion of degeneration.
  1185 | D:3      | 1185 ||| PLANNING SEWER
  1189 | D:3      | 1189 ||| STAIRDANCE
  1192 | D:2      | Reached skill level 1 in Armour
  1408 | D:3      | Reached XP level 4. HP: 26/26 MP: 5/5
  1541 | D:3      | Reached skill level 4 in Ranged Weapons
  1717 | D:3      | Reached XP level 5. HP: 29/30 MP: 6/6
  1723 | D:3      | HP: 7/30 [river rat (5)]
  1724 | D:3      | HP: 2/30 [river rat (5)]
  1728 | D:3      | Slain by a river rat

Levels and vault maps discovered:
D:1:      scummos_arrival_checkerplants, layout_loops_ring, serial_rivers,
          chequers_serial_rivers_micro_b, chequers_serial_rivers_micro_c,
          chequers_serial_rivers_micro_b, chequers_serial_rivers_marsh,
          chequers_serial_rivers_micro_d, minmay_worlds_worst_comb
D:2:      layout_rooms, hellmonk_ecumenical_altar_blasted
D:3:      layout_loops_ring, serial_forest, infiniplex_forest_lined_2,
          infiniplex_forest_straight_1, infiniplex_forest_lined_2,
          infiniplex_forest_fountain, infiniplex_forest_clump_large,
          infiniplex_forest_lined_4_way, infiniplex_forest_corner_2,
          infiniplex_forest_split, infiniplex_forest_straight_2,
          infiniplex_forest_lined_corner, lightli_sewer_entry_pipes

Skill      XL: |  1  2  3  4 |
---------------+-------------+-----
Ranged Weapons | 3 4 |  4.5
Fighting       | 2 |  2.0
Armour         | 1 |  1.0
Dodging        | |  1.5
Spellcasting   | |  1.0
Hexes          | |  2.6

Action                     |  1- 3 |  4- 6 || total
---------------------------+-------+-------++-------
   Fire: Sling             |    99 |    83 ||   182
    Use: Scroll            |     4 |       ||     4
         Potion            |     1 |       ||     1
 Armour: Robe              |     9 |       ||     9
         Ring mail         |     8 |    63 ||    71
  Dodge: Dodged            |    31 |    63 ||    94

Table legend:
 A = Non-vault XP
 B = Vault XP
 C = Vault XP percentage of total XP
 D = Non-vault monster count
 E = Vault monster count
 F = Vault count percentage of total count
                 A         B        C        D         E       F
            +---------+---------+-------+---------+---------+-------
      Total |      81 |      85 |  51.2 |      35 |      12 |  25.5
            +---------+---------+-------+---------+---------+-------
        D:1 |      29 |       6 |  17.1 |      16 |       3 |  15.8
        D:2 |      30 |       0 |   0.0 |      12 |       0 |   0.0
        D:3 |      22 |      79 |  78.2 |       7 |       9 |  56.2
            +---------+---------+-------+---------+---------+-------
